 Dungeon Crawl Stone Soup version 0.27.1-37-g7b29ead8ac (console) character file.

Game seed: 3797215510568575021

30 grimtooth the Insei (level 3, -4/27 HPs)
             Began as a Djinni Transmuter on Mar 8, 2023.
             Frozen to death by an endoplasm (7 damage)
             ... on level 1 of the Dungeon.
             The game lasted 00:07:44 (1636 turns).

grimtooth the Insei (Djinni Transmuter)             Turns: 1636, Time: 00:07:45

Health: -4/27      AC:  2    Str: 10    XL:     3   Next: 35%
Gold:   30         EV: 12    Int: 14    God:
                   SH:  0    Dex: 13

rFire    + + .     SeeInvis .     - Unarmed
rCold    x . .     Faith    .   (no shield)
rNeg     + . .     Spirit   .   a - +0 robe
rPois    ∞         Reflect  .   (no helmet)
rElec    .         Harm     .   (no cloak)
rCorr    .         Rampage  .   (no gloves)
Will     .....                  (boots unavailable)
Stlth    +.........             (no amulet)
HPRegen  0.09/turn              d - ring of positive energy
MPRegen  0.00/turn              (no ring)

@: flying
A: sickness immunity, fire resistance 2, cold vulnerability 1, float, innate
caster, hp casting, extra vitality 1
a: no special abilities


You were on level 1 of the Dungeon.
You visited 1 branch of the dungeon, and saw 2 of its levels.

You collected 30 gold pieces.

Inventory:

Missiles
 f - 7 stones (quivered)
Armour
 a - a +0 robe (worn)
Magical Staves
 i - a staff of death
Jewellery
 d - a ring of positive energy (left hand)
Scrolls
 b - a scroll of identify {unknown}
 c - a scroll of magic mapping {unknown}
 g - a scroll of fog {unknown}
 h - a scroll of holy word {unknown}
Potions
 e - a potion of curing {unknown}


   Skills:
 - Level 1.0 Fighting
 - Level 2.1 Dodging
 * Level 3.9 Unarmed Combat
 + Level 2.0 Spellcasting


You couldn't memorise any spells.
You knew the following spells:

 Your Spells              Type           Power      Damage    Failure   Level
a - Beastly Appendage     Tmut           14%        N/A       11%         1
b - Wereblood             Tmut           7%         N/A       16%         2
c - Spider Form           Tmut/Pois      3%         N/A       30%         3
d - Ice Form              Ice/Tmut       7%         N/A       71%         4
e - Pain                  Necr           28%        1d5       11%         1
Your spell library was empty.

Dungeon Overview and Level Annotations

Branches:
Dungeon (2/15)

Altars:


Innate Abilities, Weirdness & Mutations

You are immune to sickness and miasma.
You are immune to poison.
Your flesh is very heat resistant. (rF++)
You are vulnerable to cold. (rC-)
You float through the air rather than walking.
You learn spells naturally, not from books.
Your magical power is your life essence.
You have superior vitality. (+4 HP)


Message History

Okay, then.
Unknown command.
Press: ? - help, v - describe, . - travel
Here: an endoplasm The floor.
The endoplasm jiggles.
You see here a stone.
Casting: Pain (safe; 11% risk of failure)
Confirm with . or Enter, or press ? or * to list all spells.
Aiming: Pain (safe; 11% risk of failure)
Press: ? - help, Shift-Dir - straight line, f - endoplasm
Aim: an endoplasm (chance to affect: 71%)
The endoplasm struggles to resist.
The endoplasm jiggles.
The endoplasm jiggles.
The endoplasm hits you but does no damage.
Casting: Pain (safe; 11% risk of failure)
Confirm with . or Enter, or press ? or * to list all spells.
Aiming: Pain (safe; 11% risk of failure)
Press: ? - help, Shift-Dir - straight line, f/p - endoplasm
Aim: an endoplasm (chance to affect: 71%)
The endoplasm writhes in agony.
Press: ? - help, v - describe, . - travel
Here: an endoplasm (severely wounded)
The floor.
Casting: Pain (safe; 11% risk of failure)
Confirm with . or Enter, or press ? or * to list all spells.
Aiming: Pain (safe; 11% risk of failure)
Press: ? - help, Shift-Dir - straight line, f/p - endoplasm
Aim: an endoplasm (severely wounded, chance to affect: 71%)
The endoplasm struggles to resist.
The endoplasm freezes you.
You are frozen!
You feel a terrible chill!
* * * LOW HITPOINT WARNING * * *
Press: ? - help, v - describe, . - travel
Here: an endoplasm (severely wounded)
The floor.
The endoplasm freezes you.
You are frozen!
You feel a terrible chill!
You die...

#.#.# #..# #...........# #.#.##
#..# #.#########.#
#..#.#####..# #)# #.....#.##
#.###.......######.###.........
##.#.######..................##
##.## ####.###.###......... #.#
#.# #.# #.......## #.#### #.#
#.# #######.## #....# #.#
#.#########.#. ####.# #.#
#...........#. #.# #@#
#####.#######. #.# ###J#
##♣♣.♣♣# #. #.#
#...###♣§○♣...♣♣###. #.#
#.####§§♣♣..♣♣♣.§##. #.# #.#
#.♣♣♣§§⌠..♣°##. #.# #.#
#♣..⌠...⌠♣..##. #.# #.#
#♣♣♣⌠..8..⌠♣♣.#. #.# #.#
#..⌠.......⌠.♣#. #.# #.#
#♣♣..8.<.8...♣#. #.# #.#
#♣.⌠.......⌠♣.#. ..# #.#
#.♣.⌠☼§8..⌠.♣♣§.


You could see an endoplasm.

Vanquished Creatures
  5 endoplasms (D:1)
  2 giant cockroaches (D:1)
  2 goblins (D:1)
  2 hobgoblins (D:1)
  3 kobolds (D:1)
  A quokka (D:1)
  4 ball pythons (D:1)
  3 bats
  2 frilled lizards (D:1)
  2 rats (D:1)
26 creatures vanquished.

Notes
Turn   | Place    | Note
-------+----------+-------------------------------------------
     0 | D:1      | grimtooth the Djinni Transmuter began the quest for the
                  | Orb.
     0 | D:1      | Reached XP level 1. HP: 17/17 MP: 0/0
   375 | D:1      | Reached XP level 2. HP: 16/22 MP: 0/0
   783 | D:1      | You are sucked into a shaft and drop 1 floor!
  1043 | D:1      | Reached XP level 3. HP: 19/27 MP: 0/0
  1043 | D:1      | Learned a level 1 spell: Pain
  1636 | D:1      | Frozen to death by an endoplasm

Illustrated notes

Levels and vault maps discovered:
D:1:      heliophobic_arrival_enchanted_forest, layout_loops_ring,
          minmay_misc_feat_rows
D:2:      layout_rooms, dreamdust_ecumenical_altar_angels_and_demons, hex_large,
          grunt_ministairs_15, corexii_leaking_fountain

Skill      XL: |  1  2  3 |
---------------+----------+-----
Spellcasting   | 2 |  2.0
Fighting       | |  1.0
Dodging        | |  2.1
Unarmed Combat | |  3.9

Action                   || total
-------------------------++-------
Melee: Unarmed           ||    90
       Headbutt          ||     7
       Punch             ||     2
Throw: Stone             ||     8
 Cast: Beastly Appendage ||    19
       Pain              ||     3
 Stab: Sleeping          ||     1
Armor: Robe              ||    11
Dodge: Dodged            ||    53
